 Dungeon Crawl Stone Soup version 0.24.1-4-ge52af88ad5 (webtiles) character file.

Game seed: 11083454382785949941, levelgen mode: deterministic

55839 VPR the Earth Mage (level 14, -35/88 HPs)
             Began as a Gargoyle Earth Elementalist on Apr 13, 2020.
             Was a High Priest of Okawaru.
             Killed from afar by a fire dragon (40 damage)
             ... with a blast of flame
             ... on level 6 of the Lair of Beasts on Apr 15, 2020.
             The game lasted 05:03:18 (37666 turns).

VPR the Earth Mage (Gargoyle Earth Elementalist)   Turns: 37666, Time: 05:03:19

Health: -35/88     AC: 26    Str: 14    XL:     14   Next: 79%
Magic:  25/28      EV: 10    Int: 24    God:    Okawaru [*****.]
Gold:   767        SH:  4    Dex: 10    Spells: 18/33 levels left

rFire    . . .     SeeInvis +   Z - +7 spear of Death's Door {elec, MR++}
rCold    . . .     Gourm    .   C - +0 buckler
rNeg     + . .     Faith    .   L - +3 scale mail "Gosuis" {Slay+2}
rPois    ∞         Spirit   .   E - +1 hat {SInv}
rElec    +         Reflect  .   k - scarf {repulsion}
rCorr    +         Harm     .   s - +0 pair of gloves
MR       +++..                  z - +1 pair of boots
Stlth    +.........             (no amulet)
HPRegen  0.24/turn              R - +5 ring of intelligence
MPRegen  0.21/turn              F - ring of resist corrosion

@: repel missiles
A: big wings, negative energy resistance 1, electricity resistance, unbreathing,
petrification resistance, rot immunity, AC +10
a: Fly, Heroism, Finesse, Renounce Religion


You were on level 6 of the Lair of Beasts.
You worshipped Okawaru.
Okawaru was extremely pleased with you.
You were not hungry.

You visited 4 branches of the dungeon, and saw 21 of its levels.

You collected 1936 gold pieces.
You spent 1169 gold pieces at shops.

Inventory:

Hand Weapons
 a - a +4 whip of electrocution
 b - a +0 hunting sling
 N - a +2 spear of venom
 X - a +2 morningstar of freezing
 Z - the +7 spear of Death's Door (weapon) {elec, MR++}
   (Okawaru gifted it to you on level 11 of the Dungeon)

   Occasionally, upon striking a foe, it will discharge some electrical energy
   and cause terrible harm.
   It affects your resistance to hostile enchantments.
Missiles
 m - 61 stones (quivered)
 y - 184 sling bullets
 O - a throwing net
Armour
 k - a scarf of repulsion (worn)
 s - a +0 pair of gloves (worn)
 z - a +1 pair of boots (worn)
 C - a +0 buckler (worn)
 E - a +1 hat of see invisible (worn)
 L - the +3 scale mail "Gosuis" (worn) {Slay+2}
   (You bought it in a shop on level 2 of the Orcish Mines)

   It affects your accuracy and damage with ranged weapons and melee attacks
   (+2).
 S - a +2 robe of magic resistance
 U - a +0 troll leather armour
Jewellery
 D - an uncursed ring of ice
 F - a ring of resist corrosion (right hand)
 R - a +5 ring of intelligence (left hand)
 Y - an uncursed ring of fire
Wands
 e - a wand of clouds (6)
 i - a wand of digging (18)
 j - a wand of enslavement (8)
 v - a wand of paralysis (7)
 B - a wand of random effects (17)
 P - a wand of disintegration (13)
 Q - a wand of iceblast (4)
 W - a wand of acid (4)
Scrolls
 c - 6 scrolls of identify
 f - 2 scrolls of remove curse
 g - 2 scrolls of fog
 n - a scroll of fear
 p - a scroll of summoning
 x - a scroll of blinking
 G - 8 scrolls of teleportation
 J - a scroll of magic mapping
 T - a scroll of immolation
Potions
 h - 3 potions of lignification
 l - 10 potions of curing
 o - 4 potions of heal wounds
 q - 3 potions of agility
 t - 2 potions of invisibility
 u - 2 potions of haste
 w - 2 potions of berserk rage
 H - a potion of cancellation
 I - a potion of might
 K - a potion of ambrosia
 M - 2 potions of brilliance
Miscellaneous
 A - a lightning rod (4/4)
 V - a sack of spiders
Comestibles
 d - 17 rations


   Skills:
 + Level 10.7 Fighting
 + Level 9.5 Armour
 - Level 1.5 Dodging
 - Level 4.2 Stealth
 - Level 4.1 Shields
 + Level 10.4 Spellcasting
 + Level 11.8 Conjurations
 - Level 0.7 Transmutations
 - Level 2.8 Ice Magic
 + Level 15.1 Earth Magic
 - Level 5.7 Invocations
 - Level 4.3 Evocations


You had 18 spell levels left.
You knew the following spells:

 Your Spells              Type           Power        Failure   Level  Hunger
a - Sandblast             Erth           ######       1%          1    None
b - Stone Arrow           Conj/Erth      ######       1%          3    None
c - Passwall              Tmut/Erth      ######..     1%          2    None
d - Lee's Rapid Deconstr  Erth           ######....   1%          5    ####...
e - Freeze                Ice            ####         5%          1    None
f - Dazzling Spray        Conj/Hex       #####.       4%          3    None

Your spell library contained the following spells:

 Spells                   Type           Power        Failure   Level  Hunger
 Flame Tongue             Conj/Fire      #####        1%          1    None
 Throw Frost              Conj/Ice       #####.       1%          2    None
 Throw Flame              Conj/Fire      #####.       2%          2    None
 Conjure Flame            Conj/Fire      #####...     4%          3    None
 Petrify                  Tmut/Erth      ######..     6%          4    None
 Throw Icicle             Conj/Ice       #####...     9%          4    None
 Beastly Appendage        Tmut           ###...       13%         1    None
 Ensorcelled Hibernation  Hex/Ice        ###...       14%         2    None
 Sticky Flame             Conj/Fire      #####...     14%         4    None
 Corona                   Hex            ##.....      17%         1    None
 Sticks to Snakes         Tmut           ###.....     19%         2    None
 Borgnjor's Vile Clutch   Necr/Erth      #####.....   22%         5    ####...
 Ozocubu's Armour         Chrm/Ice       ###.....     28%         3    None
 Fireball                 Conj/Fire      #####.....   38%         5    ####...
 Spider Form              Tmut/Pois      ##........   41%         3    None
 Confuse                  Hex            ##......     45%         3    None
 Inner Flame              Hex/Fire       ##......     45%         3    None
 Recall                   Summ/Tloc      N/A          45%         3    None
 Tukima's Dance           Hex            ##......     45%         3    None
 Ice Form                 Ice/Tmut       ###.....     63%         4    None
 Summon Ice Beast         Ice/Summ       ###.....     67%         4    None
 Animate Dead             Necr           N/A          86%         4    None
 Blade Hands              Tmut           ###.......   98%         5    ####...
 Death Channel            Necr           ##........   100%        6    #####..
 Simulacrum               Ice/Necr       ###.......   100%        6    #####..


Dungeon Overview and Level Annotations

Branches:
Dungeon (12/15)            Temple (1/1) D:5            Lair (6/6) D:10
 Shoals (0/4) Lair:3       Spider (0/4) Lair:3          Orc (2/2) D:9
    Elf (0/3) Orc:2
  Slime: Lair:5-6

Altars:
Ashenzari
Cheibriados
Fedhas
Gozag
Hepliaklqana
Kikubaaqudgha
Makhleb
Nemelex Xobeh
Okawaru
Qazlal
Ru
Trog
Uskayaw
Wu Jian
Xom
Yredelemnul
Zin
The Shining One
Jiyva

Shops:
D:5 *   D:8 (   Orc:2 ?*[}

Annotations:
D:12 2 transporters, Gabide's ghost, journeyman HuFi
Lair:4 3 runed translucent doors, exclusion: 3 doors, havocjr3's ghost, journeyman GnFi
Orc:2 2 transporters, 2 runed translucent doors, exclusion: orange crystal statue, Saltbearer's ghost, journeyman HOFi


Innate Abilities, Weirdness & Mutations

You are resistant to torment.
Your stone body is resilient. (AC +10)
You are immune to poison.
Your large and strong wings let you fly indefinitely.
You resist negative energy. (rN+)
You are resistant to electric shocks. (rElec)
You can survive without breathing.
You are immune to petrification.
You are immune to rotting.


Message History

Aiming: Sandblast (safe; 1% risk of failure)
Press: ? - help, Shift-Dir - straight line, f/p - fire dragon
Aim: a fire dragon (severely wounded, catching its breath)
The blast of sand hits the fire dragon!
The fire dragon is almost dead.
m - 61 stones The fire dragon bites you!
* * * LOW HITPOINT WARNING * * *
The fire dragon claws you but does no damage.
The fire dragon tramples you but does no damage.
You puncture the fire dragon!
The fire dragon is almost dead.
The fire dragon breathes flames at you. The blast of flame hits you!
* * * LOW HITPOINT WARNING * * *
You barely miss the fire dragon.
The fire dragon is almost dead.
The fire dragon breathes flames at you. The blast of flame hits you!!!
You die...

♣♣♣♣♣..######..####..#
≈.♣♣≈...##.#....#.....
≈≈≈≈≈......##............##...#.
.♣≈≈≈P......................#...
♣♣♣♣♣............P##..#....#...
P ♣#.........#.## #.##..#..# ..
#.......[<#..###..#.....####
♣..♣
##........D..#[.........#... ♣.♣
#.........@................ ♣♣
#..........................
#..#...#..#P....#.##.####.#
#########.#####.###### ### ###
###


You could see a fire dragon.

Vanquished Creatures
  Rupert (Lair:3)
  Gastronok (D:11)
  Kirke (Lair:3)
  2 entropy weavers (Lair:5)
  4 ogre magi
  Fannar (D:11)
  A hydra (Lair:4)
  13 two-headed ogres
  A queen ant (Lair:5)
  3 death yaks
  Urug (D:12)
  Sonja (D:10)
  2 unseen horrors
  A swamp dragon (Lair:6)
  3 ugly things (D:12)
  An orc sorcerer (Orc:1)
  7 spiny frogs
  5 elephants (Lair:5)
  4 black mambas
  A rime drake (Lair:6)
  3 komodo dragons
  2 polar bears
  4 trolls
  9 blink frogs (Lair:3)
  5 dream sheep (Lair:3)
  A snapping turtle (Lair:3)
  3 hippogriffs
  Sigmund (D:6)
  2 wraiths
  A shadow (D:12)
  2 wyverns
  A redback (Lair:3)
  A basilisk (Lair:5)
  2 hungry ghosts
  3 hogs
  4 yaks
  3 vampire mosquitoes (D:11)
  Edmund (D:5)
  A warg (Orc:2)
  An acid dragon (Lair:6)
  10 water moccasins
  24 soldier ants (Lair:5)
  11 porcupines
  3 swamp drakes (Lair:6)
  17 orc warriors
  3 sky beasts
  2 ice beasts
  2 black bears
  26 ogres
  2 necrophages
  A phantom (D:11)
  8 centaurs
  11 crocodiles
  Blork the orc (D:6)
  11 bullfrogs
  2 wyvern skeletons
  4 scorpions
  13 killer bees
  9 wights
  3 electric eels (D:10)
  A howler monkey (D:10)
  5 crimson imps
  A centaur zombie (D:8)
  4 hounds
  4 human zombies (D:7)
  3 bullfrog skeletons
  7 jellies
  9 orc priests
  4 human skeletons (D:7)
  2 iguanas
  21 orc wizards
  29 worker ants
  A mummy (D:7)
  A hound skeleton (D:9)
  2 howler monkey zombies
  A worker ant zombie (D:10)
  7 gnolls
  16 adders
  A river rat (D:10)
  A shadow imp (D:5)
  6 oozes
  3 adder zombies
  An adder skeleton (D:10)
  4 worms
  4 dart slugs
  7 leopard geckos
  61 orcs
  4 giant cockroaches
  6 goblins
  11 hobgoblins
  4 jackals (D:8)
  4 kobolds
  3 quokkas
  2 ball pythons
  14 bats
  5 frilled lizards
  An orc zombie (D:7)
  A quokka skeleton (D:6)
  9 rats
537 creatures vanquished.

Vanquished Creatures (collateral kills)
  A sky beast (D:11)
  A centaur (D:11)
2 creatures vanquished.

Vanquished Creatures (others)
  A crocodile (Lair:6)
  7 plants
8 creatures vanquished.

Grand Total: 547 creatures vanquished

Notes
Turn   | Place    | Note
-------+----------+-------------------------------------------
     0 | D:1      | VPR the Gargoyle Earth Elementalist began the quest for the
                  | Orb.
     0 | D:1      | Reached XP level 1. HP: 10/10 MP: 3/3
   292 | D:1      | Reached XP level 2. HP: 16/16 MP: 5/5
   396 | D:1      | Reached skill level 4 in Earth Magic
  1209 | D:2      | Reached XP level 3. HP: 20/20 MP: 6/6
  1214 | D:2      | Learned a level 3 spell: Stone Arrow
  1239 | D:2      | Reached skill level 1 in Fighting
  1656 | D:2      | Reached XP level 4. HP: 25/25 MP: 5/8
  2228 | D:2      | Reached skill level 1 in Conjurations
  2311 | D:2      | Found a glowing silver altar of Zin.
  2526 | D:2      | Reached XP level 5. HP: 26/30 MP: 2/9
  2799 | D:3      | Found a sacrificial altar of Ru.
  2907 | D:3      | Reached skill level 5 in Earth Magic
  2911 | D:3      | Reached XP level 6. HP: 35/35 MP: 2/11
  4122 | D:5      | Entered Level 5 of the Dungeon
  4182 | D:5      | Reached XP level 7. HP: 40/40 MP: 11/13
  4382 | D:5      | Found a staircase to the Ecumenical Temple.
  4392 | Temple   | Entered the Ecumenical Temple
  4407 | Temple   | Became a worshipper of Warmaster Okawaru
  4452 | D:5      | Reached skill level 6 in Earth Magic
  4721 | D:5      | Learned a level 2 spell: Passwall
  4727 | D:5      | Learned a level 5 spell: Lee's Rapid Deconstruction
  4983 | D:5      | Noticed Edmund
  4994 | D:5      | Killed Edmund
  5498 | D:5      | Found Teareff's Assorted Antiques.
  5546 | D:5      | Bought an ancient shortbow for 208 gold pieces
  5546 | D:5      | Identified the +7 shortbow "Urerrih" {velocity, rPois rN+
                  | Stlth-} (You bought it in a shop on level 5 of the Dungeon)
  6194 | D:6      | Reached * piety under Okawaru
  6435 | D:6      | Noticed Sigmund
  6569 | D:6      | Noticed Blork the orc
  6705 | D:6      | Killed Blork the orc
  6705 | D:6      | Reached XP level 8. HP: 46/46 MP: 0/15
  6857 | D:6      | Found a basalt altar of Yredelemnul.
  6857 | D:6      | Found a sparkling altar of Nemelex Xobeh.
  7128 | D:6      | Reached skill level 1 in Armour
  7322 | D:7      | Reached skill level 1 in Shields
  7322 | D:7      | Reached skill level 5 in Spellcasting
  7322 | D:7      | Reached skill level 7 in Earth Magic
  7765 | D:7      | Paralysed by fainting for 9 turns
  8695 | D:7      | Reached XP level 9. HP: 52/52 MP: 13/17
  8698 | D:7      | Reached skill level 8 in Earth Magic
  9142 | D:6      | Killed Sigmund
  9142 | D:6      | Reached ** piety under Okawaru
  9653 | D:7      | Learned a level 2 spell: Ensorcelled Hibernation
 10613 | D:7      | Found an ancient bone altar of Kikubaaqudgha.
 11509 | D:9      | Reached skill level 9 in Earth Magic
 11683 | D:8      | Reached skill level 5 in Conjurations
 12041 | D:8      | Reached skill level 5 in Fighting
 12127 | D:8      | You fall into a shaft and drop 2 floors!
 12127 | D:10     | Entered Level 10 of the Dungeon
 12127 | D:10     | Found a staircase to the Lair.
 12127 | D:10     | Noticed a death yak
 12127 | D:10     | Noticed Sonja
 12127 | D:10     | Noticed a death yak
 12128 | D:10     | Noticed a death yak
 12348 | D:10     | Reached XP level 10. HP: 45/59 MP: 9/20
 12467 | D:10     | Reached *** piety under Okawaru
 12501 | D:10     | Noticed Fannar
 12923 | D:11     | Killed Fannar
 12923 | D:11     | Reached skill level 10 in Earth Magic
 13615 | D:8      | Found Ykuigyon's Weapon Boutique.
 14616 | D:9      | Found a burning altar of Makhleb.
 14903 | D:9      | Reached **** piety under Okawaru
 15046 | D:9      | Found a staircase to the Orcish Mines.
 15425 | D:9      | Reached skill level 1 in Evocations
 15495 | D:9      | Found a glowing golden altar of the Shining One.
 16159 | D:10     | Reached XP level 11. HP: 33/66 MP: 20/22
 16421 | D:10     | Killed a death yak
 16421 | D:10     | Reached skill level 11 in Earth Magic
 16589 | D:9      | Killed a death yak
 16801 | D:10     | Killed a death yak
 17175 | D:10     | Learned a level 3 spell: Dazzling Spray
 18041 | D:10     | Killed Sonja
 18041 | D:10     | Reached ***** piety under Okawaru
 18844 | D:11     | Noticed Gastronok
 19015 | D:11     | Killed Gastronok
 19015 | D:11     | Received a gift from Okawaru
 19015 | D:11     | Reached skill level 5 in Armour
 19235 | D:11     | Noticed an unseen horror
 19242 | D:11     | Killed an unseen horror
 19822 | D:12     | Found a flagged portal.
 20079 | D:12     | Noticed a brown ugly thing
 20090 | D:12     | Noticed a purple ugly thing
 20096 | D:12     | Killed a brown ugly thing
 20096 | D:12     | Received a gift from Okawaru
 20099 | D:12     | Killed a purple ugly thing
 20099 | D:12     | Reached XP level 12. HP: 60/72 MP: 13/24
 20162 | D:12     | Noticed Urug
 20390 | D:12     | Reached skill level 12 in Earth Magic
 20532 | D:12     | Identified the +7 dire flail "Agadonanwe" {antimagic, rC+
                  | MP+9}
 20534 | D:12     | Noticed Gabide's ghost (journeyman HuFi)
 20536 | D:12     | Noticed a two-headed ogre
 20542 | D:12     | Identified the +3 great mace "Qirigy" {freeze, rC+ Int+6}
 20544 | D:12     | Identified the cursed +2 great mace of the Foremost Realms
                  | {vamp, MR+ Str+3 Int+4}
 20544 | D:12     | Noticed an ettin
 20571 | D:12     | Found a transporter.
 20573 | D:12     | Found a transporter.
 20579 | D:12     | Found a bloodstained altar of Trog.
 21095 | D:12     | Killed Urug
 21102 | D:11     | Received a gift from Okawaru
 21329 | D:11     | Got a polished spear {god gift}
 21330 | D:11     | Identified the +7 spear of Death's Door {elec, MR++}
                  | (Okawaru gifted it to you on level 11 of the Dungeon)
 21454 | D:12     | Found the +4 robe of Augmentation {Str+4 Int+4 Dex+4}
 21641 | D:12     | Found a blossoming altar of Fedhas.
 22102 | Lair:1   | Entered Level 1 of the Lair of Beasts
 22223 | Lair:1   | Reached skill level 5 in Invocations
 22233 | Lair:1   | Found a shattered altar of Ashenzari.
 23555 | Lair:1   | Found a glowing golden altar of the Shining One.
 26003 | Lair:3   | Noticed Rupert
 26013 | Lair:3   | Killed Rupert
 26013 | Lair:3   | Received a gift from Okawaru
 26013 | Lair:3   | Reached skill level 10 in Conjurations
 26013 | Lair:3   | Reached skill level 13 in Earth Magic
 26013 | Lair:3   | Reached XP level 13. HP: 79/79 MP: 17/26
 26491 | Lair:3   | Found a hole to the Spider Nest.
 26630 | Lair:3   | Reached ****** piety under Okawaru
 26720 | Lair:3   | Found a staircase to the Shoals.
 27105 | Orc:1    | Entered Level 1 of the Orcish Mines
 28137 | Orc:2    | Entered Level 2 of the Orcish Mines
 28137 | Orc:2    | Found a staircase to the Elven Halls.
 29105 | Orc:2    | Received a gift from Okawaru
 29287 | Orc:2    | Noticed an ogre mage
 29318 | Orc:1    | Killed an ogre mage
 29685 | Orc:1    | Reached skill level 14 in Earth Magic
 30524 | Orc:2    | Received a gift from Okawaru
 30524 | Orc:2    | Gained mutation: Your large and strong wings let you fly
                  | indefinitely. [Gargoyle growth]
 30524 | Orc:2    | Reached XP level 14. HP: 78/87 MP: 21/27
 30730 | Orc:2    | Found Nicuow's Magic Scroll Shoppe.
 30730 | Orc:2    | Found Beratroi's Antique Armour Boutique.
 30730 | Orc:2    | Found Unosyirch's Assorted Antiques.
 30730 | Orc:2    | Found Ditz's Gadget Emporium.
 30769 | Orc:2    | Found a transporter.
 30773 | Orc:2    | Noticed Saltbearer's ghost (journeyman HOFi)
 30815 | Orc:2    | Reached skill level 10 in Fighting
 30844 | Orc:2    | Found a transporter.
 30962 | Orc:2    | Found a runed translucent door.
 30966 | Orc:2    | Found the +10 large shield of Ignorance {rN+ Int-4}
 30987 | Orc:2    | Found a runed translucent door.
 31054 | Orc:2    | Bought a scorched scale mail for 252 gold pieces
 31064 | Orc:2    | Identified the +3 scale mail "Gosuis" {Slay+2} (You bought
                  | it in a shop on level 2 of the Orcish Mines)
 31066 | Orc:2    | Bought a steaming leather armour for 196 gold pieces
 31079 | Orc:2    | Identified the cursed +1 leather armour of the Shining
                  | Light {*Contam Regen+ Int+2} (You bought it in a shop on
                  | level 2 of the Orcish Mines)
 31095 | Orc:2    | Bought a potion of heal wounds for 140 gold pieces
 31095 | Orc:2    | Bought a scroll of fear for 98 gold pieces
 31095 | Orc:2    | Bought an embroidered scarf for 224 gold pieces
 32457 | Lair:4   | Reached skill level 10 in Spellcasting
 32716 | Lair:4   | Noticed Kirke
 33062 | Lair:3   | Noticed a sphinx
 33062 | Lair:3   | Killed Kirke
 33901 | Lair:4   | Found a runed translucent gate.
 33901 | Lair:4   | Found a runed translucent gate.
 33901 | Lair:4   | Found a runed translucent gate.
 33903 | Lair:4   | Noticed havocjr3's ghost (journeyman GnFi)
 33907 | Lair:4   | Found a viscous altar of Jiyva.
 34130 | D:8      | Bought 18 stones for 23 gold pieces
 34130 | D:8      | Bought 12 stones for 15 gold pieces
 34130 | D:8      | Bought 10 stones for 13 gold pieces
 34291 | Lair:6   | Entered Level 6 of the Lair of Beasts
 34797 | Lair:5   | Learned a level 1 spell: Freeze
 35477 | Lair:5   | Reached skill level 1 in Ice Magic
 35869 | Lair:5   | Noticed an entropy weaver
 35876 | Lair:5   | Killed an entropy weaver
 36118 | Lair:5   | Reached skill level 15 in Earth Magic
 36332 | Lair:5   | Noticed an entropy weaver
 36336 | Lair:5   | Killed an entropy weaver
 37656 | Lair:6   | Received a gift from Okawaru
 37666 | Lair:6   | Killed from afar by a fire dragon

Levels and vault maps discovered:
D:1:      grunt_arrival_lava_bath, layout_basic
D:2:      layout_loops_corners, old_standard_altar
D:3:      layout_rooms, lemuel_crystal_altar
D:4:      layout_rooms, first_ration
D:5:      layout_layer_cave, minmay_temple_entry_trees, serial_shops, shop,
          kennysheep_potato, uniq_edmund
D:6:      layout_basic, gammafunk_temple_overflow_statue, uniq_blork_the_orc,
          uniq_sigmund
D:7:      layout_layer_cave, lemuel_mausoleum_altar_kikubaaqudgha
D:8:      layout_loops_ring, serial_shops, shop, hangedman_little_slice_of_home
D:9:      minmay_evil_eye, layout_long_grid, kennysheep_mini_moat,
          nicolae_tso_swordbearing_angel, orc_0_dummy
D:10:     layout_basic, dpeg_lair_monsters, uniq_sonja, uniq_fannar
D:11:     layout_irregular_city, uniq_gastronok
D:12:     layout_basic, gammafunk_ghost_wrathful_warriors, enter_bailey_2,
          fedhas_altar_4, uniq_urug
Temple:   eino_wide_crystal_templ
Lair:1:   layout_regular_city, basic_altar, chequers_serial_rivers_room_b,
          lemuel_centaur_altar
Lair:2:   layout_gridlike, serial_bayou_shore_a
Lair:3:   layout_roguey, minmay_shoals_entry_hut, spider_nest_entry_rubble,
          uniq_rupert
Lair:4:   layout_cave_pods, gammafunk_ghost_ooze, uniq_kirke
Lair:5:   layout_cave_pods, st_stairs_10, minivault_29, grunt_megastairs_5
Lair:6:   hangedman_lair_in_review, layout_small_grid, guppyfry_lair_end_dragon,
          dpeg_slime_entry_enclosed_altar
Orc:1:    layout_caves, serial_shops, guppyfry_library_mini
Orc:2:    st_orc_ogre_mass, layout_caves, gammafunk_ghost_stat_death,
          chequers_guarded_unrand_ignorance

Skill      XL: |  1  2  3  4  5  6  7  8  9 10 11 12 13 14 |
---------------+-------------------------------------------+-----
Earth Magic    | 4 5 6 7 9 10 11 13 14 15 | 15.1
Fighting       | 1 2 3 4 5 6 7 8 9 10 | 10.7
Conjurations   | 1 2 3 4 5 7 9 10 11 | 11.8
Stealth        | 3 4 |  4.2
Spellcasting   | 3 4 5 6 7 8 9 10 | 10.4
Armour         | 2 3 4 5 7 8 9 |  9.5
Shields        | 2 3 4 |  4.1
Evocations     | 1 3 4 |  4.3
Invocations    | 3 5 |  5.7
Ice Magic      | 2 |  2.8
Dodging        | |  1.5
Transmutations | |  0.7

Action                   |  1- 3 |  4- 6 |  7- 9 | 10-12 | 13-15 || total
-------------------------+-------+-------+-------+-------+-------++-------
Melee: Unarmed           |    14 |       |       |       |       ||    14
       Dagger            |    58 |   170 |       |       |       ||   228
       Whip              |       |       |   295 |   531 |       ||   826
       Dire flail        |       |       |    11 |       |       ||    11
       Hunting sling     |       |       |     4 |       |       ||     4
       Spear             |       |       |       |    46 |   453 ||   499
 Fire: Hunting sling     |       |    21 |    49 |    30 |       ||   100
       Shortbow          |       |       |     6 |       |       ||     6
Throw: Stone             |       |     1 |    12 |       |       ||    13
       Dart              |       |       |       |     4 |     5 ||     9
 Cast: Sandblast         |    23 |    52 |    51 |   123 |   205 ||   454
       Stone Arrow       |       |       |    44 |    62 |    49 ||   155
       Ensorcelled Hiber |       |       |       |     7 |       ||     7
       Lee's Rapid Decon |       |       |       |    31 |     8 ||    39
Invok: Heroism           |       |       |     4 |    12 |     4 ||    20
       Finesse           |       |       |       |       |     1 ||     1
Evoke: Wand              |       |       |       |    26 |       ||    26
  Use: Scroll            |     7 |     4 |    11 |    12 |     7 ||    41
       Potion            |       |     1 |       |     6 |     1 ||     8
 Stab: Sleeping          |     3 |     3 |     6 |     4 |       ||    16
  Eat: Chunk             |     3 |     8 |    11 |    27 |    24 ||    73
       Ration            |       |       |     6 |     7 |     4 ||    17
Armor: Robe              |    30 |    91 |    63 |       |    15 ||   199
       Leather armour    |       |    20 |    19 |       |       ||    39
       Ring mail         |       |       |    88 |   376 |   111 ||   575
       Troll leather arm |       |       |       |       |     6 ||     6
       Scale mail        |       |       |       |       |   229 ||   229
Dodge: Dodged            |    73 |   167 |   156 |   391 |   290 ||  1077
       Deflected         |       |       |       |    15 |     6 ||    21
Block: Buckler           |       |       |    57 |   143 |   135 ||   335
